 Dungeon Sprint DCSS version 0.23.1 (webtiles) character file.

Game seed: 7804282406545636145

12351 wilfster70 the Tortoise (level 11, -3/174 HPs)
             Began as a Minotaur Monk on Mar 8, 2019.
             Was a High Priest of Okawaru.
             Slain by an orc knight
             ... wielding a +0 battleaxe
              (16 damage)
             ... in the Dungeon (Sprint IX: "|||||||||||||||||||||||||||||").
             The game lasted 00:09:19 (2082 turns).

wilfster70 the Tortoise (Minotaur Monk)             Turns: 2082, Time: 00:09:20

Health: -3/174     AC: 23    Str: 26    XL:     11   Next: 61%
Magic:  15/16      EV: 15    Int: 10    God:    Okawaru [*****.]
Gold:   1268       SH:  0    Dex: 14    Spells: 10/10 levels left

rFire    . . .     SeeInvis .   a - +3 war axe (chop)
rCold    + . .     Gourm    .   (no shield)
rNeg     . . .     Faith    .   u - +0 chain mail {rC+}
rPois    .         Spirit   .   (helmet restricted)
rElec    .         Reflect  .   m - +2 cloak
rCorr    .         Harm     .   y - +0 pair of gloves
MR       .....     NoTele   +   z - +1 pair of boots {Fly}
Stlth    ..........             (no amulet)
HPRegen  0.39/turn              q - +3 ring of strength
MPRegen  0.15/turn              p - +3 ring of intelligence

@: berserking (expiring), flying, very quick
A: retaliatory headbutt, horns 2
a: Heroism, Finesse, Renounce Religion, Stop Flying


You were in the Dungeon.
You worshipped Okawaru.
Okawaru was extremely pleased with you.
You were hungry.

You visited 1 branch You collected 1268 gold pieces.

Inventory:

Hand Weapons
 a - a +3 war axe of chopping (weapon)
 b - a +4 hand axe of flaming
Armour
 m - a +2 cloak (worn)
 u - a +0 chain mail of cold resistance (worn)
 y - a +0 pair of gloves (worn)
 z - a +1 pair of boots of flying (worn)
Jewellery
 o - a +5 amulet of reflection
 p - a +3 ring of intelligence (right hand)
 q - a +3 ring of strength (left hand)
Wands
 l - a wand of iceblast (10)
 x - a wand of acid (4)
Scrolls
 i - 2 scrolls of blinking
 j - 4 scrolls of remove curse
 k - 2 scrolls of amnesia
 v - 6 scrolls of enchant armour
 w - a scroll of identify
Potions
 d - 5 potions of curing
 e - a potion of heal wounds
 f - 2 potions of haste
 g - 4 potions of magic
 h - a potion of invisibility
 r - a potion of agility
 s - a potion of berserk rage
 t - a potion of resistance
Comestibles
 c - 11 rations


   Skills:
 + Level 16.6 Fighting
 - Level 16.8(17.1) Axes
   Level 5.2(12.3) Maces & Flails
 * Level 18.7 Armour
 + Level 10.7 Dodging
 - Level 1.5 Stealth
 - Level 8.0 Invocations


You had 10 spell levels left.
You didn't know any spells.
Your spell library was empty.

Dungeon Overview and Level Annotations

Branches:
Dungeon (1/1)

Altars:
Cheibriados
Dithmenos
Elyvilon
Fedhas
Gozag
Hepliaklqana
Kikubaaqudgha
Makhleb
Nemelex Xobeh
Okawaru
Qazlal
Ru
Sif Muna
Trog
Uskayaw
Vehumet
Wu Jian
Xom
Yredelemnul
Zin
The Shining One
Beogh
Jiyva
Lugonu

Shops:
D :!=}


Innate Abilities, Weirdness & Mutations

You reflexively headbutt those who attack you in melee.
You have a pair of horns on your head.


Message History

The orc knight closely misses you. You furiously retaliate!
You headbutt the orc knight!
You kill the orc knight!
Okawaru is honoured by your kill.
Items here: $ )) [[ † You feel a strong urge to attack something.
There is an entrance to Logiyqyl's Distillery here.
You slash the orc knight!
The orc knight is lightly wounded.
The orc knight hits you with a +0 battleaxe!!
* * * LOW HITPOINT WARNING * * *
You closely miss the orc knight. Your headbutt misses the orc knight.
The orc knight is lightly wounded.
You closely miss the orc knight.
You headbutt the orc knight, but do no damage.
The orc knight is lightly wounded.
You slash the orc knight! You headbutt the orc knight!
The orc knight is heavily wounded.
The orc knight hits you with a +0 battleaxe!
You die...

▓_▓.▓.▓.▓)▓
▓'▓.▓†▓.▓)▓
▓.▓.▓†▓.▓[▓
▓.▓.▓.▓.▓)▓
▓|▓.▓†▓.▓)▓
▓)▓.▓÷▓.▓)▓
▓.▓.▓.▓.▓∩▓
▓[▓.▓.▓.▓)▓
▓.▓.▓.▓.▓@▓
▓[▓.▓.▓.▓o▓
▓.▓.▓.▓.▓o▓
▓÷▓.▓.▓.▓.▓
▓.▓.▓?▓.▓∩▓
▓.▓.▓(▓.▓.▓
▓(▓.▓'▓.▓.▓
▓.▓.▓.▓.▓.▓
▓.▓.▓.▓.▓


You could see an orc knight and an orc warrior.

Vanquished Creatures
  Harold (D)
  A hydra (D)
  11 orc knights (D)
  An orc sorcerer (D)
  2 spiny frogs (D)
  2 komodo dragons (D)
  A blink frog (D)
  5 hippogriffs (D)
  A basilisk (D)
  2 yaks (D)
  3 wargs (D)
  A porcupine (D)
  A hell hound (D)
  2 water moccasins (D)
  13 orc warriors (D)
  An ice beast (D)
  2 sky beasts (D)
  An ogre (D)
  4 wolves (D)
  A centaur (D)
  A crocodile (D)
  3 bullfrogs (D)
  2 howler monkeys (D)
  2 orc priests (D)
  2 orc wizards (D)
  An adder (D)
  A shadow imp (D)
  A dart slug (D)
  2 leopard geckos (D)
  8 orcs (D)
  A bat skeleton (D)
  A giant cockroach (D)
  2 goblins (D)
  A hobgoblin (D)
  A kobold (D)
85 creatures vanquished.

Notes
Turn   | Place    | Note
-------+----------+-------------------------------------------
     0 | D        | wilfster70 the Minotaur Monk began the quest for the Orb.
     0 | D        | Reached XP level 1. HP: 19/19 MP: 0/0
     7 | D        | Reached skill level 1 in Armour
    14 | D        | Reached XP level 2. HP: 17/27 MP: 1/1
   125 | D        | Noticed a howler monkey
   126 | D        | Reached skill level 5 in Axes
   132 | D        | Killed a howler monkey
   132 | D        | Reached skill level 5 in Fighting
   132 | D        | Reached skill level 3 in Armour
   132 | D        | Reached XP level 3. HP: 28/36 MP: 2/2
   282 | D        | Found a roughly hewn altar of Beogh.
   282 | D        | Found a snail-covered altar of Cheibriados.
   282 | D        | Found a shadowy altar of Dithmenos.
   282 | D        | Found a white marble altar of Elyvilon.
   282 | D        | Found a blossoming altar of Fedhas.
   282 | D        | Found an opulent altar of Gozag.
   283 | D        | Found a hazy altar of Hepliaklqana.
   284 | D        | Found a viscous altar of Jiyva.
   285 | D        | Found an ancient bone altar of Kikubaaqudgha.
   286 | D        | Found a corrupted altar of Lugonu.
   287 | D        | Found a burning altar of Makhleb.
   288 | D        | Found a sparkling altar of Nemelex Xobeh.
   289 | D        | Found an iron altar of Okawaru.
   290 | D        | Found a stormy altar of Qazlal.
   291 | D        | Found a sacrificial altar of Ru.
   292 | D        | Found a deep blue altar of Sif Muna.
   293 | D        | Found a bloodstained altar of Trog.
   294 | D        | Found a hide-covered altar of Uskayaw.
   295 | D        | Found a radiant altar of Vehumet.
   298 | D        | Found an ornate altar of the Wu Jian Council.
   299 | D        | Became a worshipper of Warmaster Okawaru
   299 | D        | Reached * piety under Okawaru
   299 | D        | Reached ** piety under Okawaru
   300 | D        | Found a shimmering altar of Xom.
   301 | D        | Found a basalt altar of Yredelemnul.
   302 | D        | Found a glowing silver altar of Zin.
   303 | D        | Found a glowing golden altar of the Shining One.
   362 | D        | Noticed a sky beast
   362 | D        | Noticed an ice beast
   362 | D        | Noticed a hippogriff
   362 | D        | Noticed a sky beast
   364 | D        | Killed a sky beast
   364 | D        | Reached skill level 4 in Armour
   364 | D        | Reached skill level 5 in Dodging
   364 | D        | Reached XP level 4. HP: 45/45 MP: 3/3
   364 | D        | Reached XP level 5. HP: 51/51 MP: 4/4
   369 | D        | Killed an ice beast
   369 | D        | Reached skill level 10 in Axes
   369 | D        | Reached skill level 5 in Armour
   374 | D        | Reached *** piety under Okawaru
   374 | D        | Reached XP level 6. HP: 60/60 MP: 2/5
   378 | D        | Killed a hippogriff
   378 | D        | Reached skill level 6 in Armour
   381 | D        | Killed a sky beast
   381 | D        | Reached skill level 7 in Armour
   381 | D        | Reached XP level 7. HP: 57/69 MP: 3/6
   442 | D        | Noticed a hippogriff
   442 | D        | Noticed a yak
   445 | D        | Killed a hippogriff
   448 | D        | Killed a yak
   448 | D        | Reached **** piety under Okawaru
   451 | D        | Reached skill level 8 in Armour
   457 | D        | Reached XP level 8. HP: 73/78 MP: 5/9
   617 | D        | Noticed a komodo dragon
   617 | D        | Noticed a hippogriff
   629 | D        | Noticed a four-headed hydra
   630 | D        | Noticed a spiny frog
   634 | D        | Killed a komodo dragon
   634 | D        | Reached skill level 15 in Axes
   650 | D        | Reached skill level 10 in Fighting
   654 | D        | Killed a hippogriff
   654 | D        | Reached skill level 9 in Armour
   661 | D        | Killed a six-headed hydra
   661 | D        | Reached ***** piety under Okawaru
   661 | D        | Reached skill level 1 in Maces & Flails
   661 | D        | Reached skill level 10 in Armour
   661 | D        | Reached skill level 5 in Invocations
   661 | D        | Reached XP level 9. HP: 29/86 MP: 10/12
   667 | D        | Killed a spiny frog
   916 | D        | Noticed a komodo dragon
   920 | D        | Reached skill level 11 in Armour
   924 | D        | Noticed a spiny frog
   927 | D        | Killed a komodo dragon
   941 | D        | Received a gift from Okawaru
   943 | D        | Reached skill level 12 in Armour
   949 | D        | Reached XP level 10. HP: 47/97 MP: 7/14
   950 | D        | Killed a spiny frog
  1158 | D        | Reached skill level 13 in Armour
  1163 | D        | Reached skill level 10 in Dodging
  1278 | D        | Noticed Harold
  1290 | D        | Killed Harold
  1290 | D        | Received a gift from Okawaru
  1290 | D        | Reached skill level 5 in Maces & Flails
  1290 | D        | Reached skill level 14 in Armour
  1475 | D        | Noticed an orc sorcerer
  1488 | D        | Paralysed by an orc sorcerer for 5 turns
  1497 | D        | Killed an orc sorcerer
  1508 | D        | Reached skill level 15 in Armour
  1551 | D        | Noticed an orc knight
  1552 | D        | Noticed an orc knight
  1567 | D        | Killed an orc knight
  1586 | D        | Killed an orc knight
  1586 | D        | Reached skill level 16 in Armour
  1586 | D        | Reached XP level 11. HP: 51/110 MP: 10/16
  1990 | D        | Found Fuaff's Book Emporium.
  1990 | D        | Noticed an orc knight
  1990 | D        | Noticed an orc knight
  1990 | D        | Noticed an orc knight
  1991 | D        | Noticed an orc knight
  1998 | D        | Noticed an orc knight
  2009 | D        | Killed an orc knight
  2010 | D        | Found Logiyqyl's Distillery.
  2011 | D        | Noticed an orc knight
  2015 | D        | Killed an orc knight
  2015 | D        | Reached skill level 15 in Fighting
  2015 | D        | Reached skill level 17 in Armour
  2016 | D        | Noticed an orc knight
  2021 | D        | Killed an orc knight
  2028 | D        | Killed an orc knight
  2028 | D        | Received a gift from Okawaru
  2032 | D        | Found Faoqok's Jewellery Emporium.
  2037 | D        | Killed an orc knight
  2044 | D        | Noticed an orc knight
  2048 | D        | Killed an orc knight
  2048 | D        | Reached skill level 18 in Armour
  2049 | D        | Found Xuyn's Gadget Shoppe.
  2051 | D        | Noticed an orc knight
  2054 | D        | Killed an orc knight
  2067 | D        | Noticed an orc knight
  2071 | D        | Killed an orc knight
  2076 | D        | Killed an orc knight
  2082 | D        | Slain by an orc knight

Skill      XL: |  1  2  3  4  5  6  7  8  9 10 11 |
---------------+----------------------------------+-----
Axes           | 4 6 9 11 12 14 16 | 16.8
Fighting       | 4 5 6 7 8 9 10 11 14 16 | 16.6
Armour         | 1 3 4 5 7 8 10 12 16 18 | 18.7
Dodging        | 4 5 6 7 8 9 10 | 10.7
Invocations    | 3 5 7 8 |  8.0
Maces & Flails | 1 3 5 |  5.2
Stealth        | |  1.5

Action                   |  1- 3 |  4- 6 |  7- 9 | 10-12 || total
-------------------------+-------+-------+-------+-------++-------
Melee: Hand axe          |    21 |       |       |       ||    21
       Headbutt          |     3 |     5 |    21 |    48 ||    77
       War axe           |     2 |    16 |    74 |   193 ||   285
       Morningstar       |       |       |     4 |       ||     4
       Punch             |       |       |       |     4 ||     4
Invok: Heroism           |       |     1 |     3 |     4 ||     8
       Finesse           |       |       |     1 |     4 ||     5
  Use: Potion            |     1 |       |       |     3 ||     4
       Scroll            |       |       |     2 |       ||     2
  Eat: Chunk             |       |       |       |     3 ||     3
Armor: Robe              |     2 |       |       |       ||     2
       Ring mail         |     1 |     3 |     3 |       ||     7
       Chain mail        |       |       |    35 |    22 ||    57
Dodge: Dodged            |     9 |    10 |    46 |    58 ||   123
